 Dungeon Crawl Stone Soup version 0.21.1-1-g345015fe64 (webtiles) character file.

1757 Skungis the Ruffian (level 8, -5/61 HPs)
             Began as a Mummy Monk on June 16, 2018.
             Was a Priest of Wu Jian.
             Killed by divine providence
             ... invoked by an orc priest
              (10 damage)
             ... on level 7 of the Dungeon.
             The game lasted 00:43:01 (6516 turns).

Skungis the Ruffian (Mummy Monk)                    Turns: 6516, Time: 00:43:02

Health: -5/61      AC: 11    Str: 17    XL:     8   Next: 79%
Magic:  8/8        EV: 17    Int: 14    God:    Wu Jian [***...]
Gold:   256        SH:  0    Dex: 14    Spells: 7/7 levels left

rFire    x . .     SeeInvis .     - Unarmed
rCold    + . .     Gourm    .   (no shield)
rNeg     + + +     Faith    .   g - +2 scale mail
rPois    ∞         Spirit   .   j - +0 helmet
rElec    .         Reflect  .   (no cloak)
rCorr    .         Harm     .   (no gloves)
MR       +....                  h - +0 pair of boots
Stlth    +.........             f - amulet of rage
HPRegen  0.20/turn              c - +5 ring of intelligence
MPRegen  0.11/turn              e - +5 ring of evasion

@: no status effects
A: no food or potions, fire vulnerability, cold resistance 1, negative energy
resistance 3, torment resistance, unbreathing
a: Wall Jump, Serpent's Lash, Renounce Religion


You were on level 7 of the Dungeon.
You worshipped Wu Jian.
Wu Jian was most pleased with you.
You were not hungry.

You visited 2 branches of the dungeon, and saw 8 of its levels.

You collected 256 gold pieces.

Inventory:

Armour
 g - a +2 scale mail (worn)
 h - a +0 pair of boots (worn)
 j - a +0 helmet (worn)
Jewellery
 c - a +5 ring of intelligence (left hand)
 e - a +5 ring of evasion (right hand)
 f - an amulet of rage (around neck)
Wands
 b - a wand of iceblast (8)
 k - a wand of flame (28)
Scrolls
 d - 4 scrolls of teleportation
 i - a scroll of identify
 l - a scroll of remove curse
Books
 a - a book of Cantrips

   Spells                             Type                      Level
   a - Confusing Touch                Hexes                        1
   b - Animate Skeleton               Necromancy                   1
   c - Summon Small Mammal            Summoning                    1
   d - Apportation                    Translocation                1


   Skills:
 + Level 4.3 Fighting
 + Level 3.7 Armour
 + Level 4.4 Dodging
 + Level 2.5 Stealth
 + Level 7.4 Unarmed Combat


You had 7 spell levels left.
You didn't know any spells.

Dungeon Overview and Level Annotations

Branches:
Dungeon (7/15)             Temple (1/1) D:5

Altars:
Ashenzari
Cheibriados
Dithmenos
Elyvilon
Fedhas
Gozag
Hepliaklqana
Kikubaaqudgha
Nemelex Xobeh
Qazlal
Ru
Sif Muna
Trog
Uskayaw
Vehumet
Wu Jian
Xom
Yredelemnul
Zin

Annotations:
D:5 Morteh's ghost, novice GrFi


Innate Abilities, Weirdness & Mutations

You do not eat or drink.
Your flesh is vulnerable to fire.
You are immune to poison.
Your flesh is cold resistant. (rC+)
You are immune to negative energy. (rN+++)
You are immune to unholy pain and torment.
You can survive without breathing.


Message History

You punch the iguana!
You kill the iguana!
The Council accepts your kill.
The kobold throws a stone.
The stone closely misses you.
You lunge at the kobold.
Your scale mail prevents you from hitting the kobold.
You kill the kobold!
The Council accepts your kill.
Items here: ( ))) ? [ † You closely miss the kobold.
The kobold misses you.
You closely miss the kobold.
The orc priest calls down the wrath of Beogh upon you.
Beogh smites you!
* * * LOW HITPOINT WARNING * * *
The kobold hits you but does no damage.
You barely miss the kobold. The kobold misses you.
You closely miss the kobold.
The orc priest invokes the aid of Beogh against you.
Beogh smites you!
You die...

.^$....#.##.#
######...##.#
#..###.# #.#
####..# #(# ##..
...(..###.##.# ...
.......<..)[.#
###.####.#.########
##...[.##.#
#.......#@#
.#....?..#K#
.K..._....o#
.#...?...#.#
#.......#.#
##.....##.#####.#
###(####.......#
........#######
............#


You could see an orc priest and a kobold.

Vanquished Creatures
  Sigmund (D:2)
  Menkaure (D:6)
  Edmund (D:6)
  Duvessa (D:7)
  A sky beast (D:6)
  A phantom (D:6)
  2 ogres
  A centaur (D:4)
  2 bullfrogs
  Dowan (D:7)
  A howler monkey (D:5)
  A quasit (D:5)
  2 hounds
  A centaur skeleton (D:6)
  A bullfrog skeleton (D:5)
  5 orc wizards
  5 worker ants
  An iguana (D:7)
  A hound zombie (D:6)
  A worker ant zombie (D:7)
  Robin (D:4)
  5 adders
  An adder skeleton (D:4)
  A dart slug (D:1)
  A leopard gecko (D:7)
  20 orcs
  5 giant cockroaches
  14 goblins
  10 hobgoblins
  10 jackals
  2 quokkas
  8 bats
  A frilled lizard (D:3)
  A jackal skeleton (D:4)
  6 kobolds
  2 quokka skeletons
  A quokka zombie (D:5)
  4 rats
124 creatures vanquished.

Notes
Turn   | Place    | Note
-------+----------+-------------------------------------------
     0 | D:1      | Skungis the Mummy Monk began the quest for the Orb.
     0 | D:1      | Reached XP level 1. HP: 18/18 MP: 1/1
   240 | D:1      | Reached XP level 2. HP: 11/24 MP: 2/2
  1313 | D:2      | Reached XP level 3. HP: 26/29 MP: 3/3
  1426 | D:2      | Noticed Sigmund
  1441 | D:2      | Noticed Robin
  1490 | D:2      | Killed Sigmund
  1490 | D:2      | Reached skill level 3 in Unarmed Combat
  1490 | D:2      | Reached XP level 4. HP: 17/35 MP: 4/4
  1490 | D:2      | Reached XP level 5. HP: 20/41 MP: 5/5
  2118 | D:3      | Noticed a hand axe
  2119 | D:3      | Noticed a hand axe
  2160 | D:3      | Reached skill level 4 in Unarmed Combat
  2162 | D:3      | Found a hide-covered altar of Uskayaw.
  2320 | D:3      | Reached skill level 1 in Armour
  2925 | D:4      | Reached XP level 6. HP: 30/47 MP: 6/6
  3370 | D:4      | Killed Robin
  3506 | D:4      | Reached XP level 7. HP: 12/53 MP: 7/7
  3816 | D:4      | Reached skill level 5 in Unarmed Combat
  4186 | D:5      | Entered Level 5 of the Dungeon
  4282 | D:5      | Found a staircase to the Ecumenical Temple.
  4291 | Temple   | Entered the Ecumenical Temple
  4412 | Temple   | Became a worshipper of the Wu Jian Council
  4412 | Temple   | Reached * piety under Wu Jian
  4412 | Temple   | Reached ** piety under Wu Jian
  4594 | D:5      | Found a blossoming altar of Fedhas.
  4853 | D:5      | Noticed Morteh's ghost (novice GrFi)
  5262 | D:6      | Found an opulent altar of Gozag.
  5282 | D:6      | Noticed Menkaure
  5283 | D:6      | Reached skill level 6 in Unarmed Combat
  5346 | D:6      | Reached XP level 8. HP: 60/60 MP: 8/8
  5370 | D:6      | Killed Menkaure
  5628 | D:6      | Noticed Edmund
  5651 | D:6      | Killed Edmund
  5765 | D:6      | Found a bloodstained altar of Trog.
  5781 | D:6      | Reached *** piety under Wu Jian
  6190 | D:7      | Noticed Dowan
  6195 | D:7      | Noticed Duvessa
  6198 | D:7      | Killed Dowan
  6198 | D:7      | Reached skill level 7 in Unarmed Combat
  6239 | D:7      | Killed Duvessa
  6457 | D:7      | Found a stormy altar of Qazlal.
  6516 | D:7      | Killed from afar by an orc priest

Skill      XL: |  1  2  3  4  5  6  7  8 |
---------------+-------------------------+-----
Dodging        | 3 4 |  4.4
Stealth        | 2 |  2.5
Unarmed Combat | 3 4 6 7 |  7.4
Armour         | 1 2 3 |  3.7
Fighting       | 4 |  4.3

Action                   |  1- 3 |  4- 6 |  7- 9 || total
-------------------------+-------+-------+-------++-------
Melee: Unarmed           |   129 |   235 |   331 ||   695
       Punch             |     1 |     3 |     9 ||    13
Invok: Wall Jump         |       |       |    17 ||    17
       Lunge             |       |       |    17 ||    17
       Whirlwind         |       |       |    10 ||    10
 Abil: Wall Jump         |       |       |     1 ||     1
  Use: Scroll            |     2 |     5 |     7 ||    14
 Stab: Sleeping          |     3 |     1 |       ||     4
Armor: Robe              |    30 |       |       ||    30
       Ring mail         |     9 |    40 |       ||    49
       Scale mail        |       |    26 |    89 ||   115
Dodge: Dodged            |    96 |   161 |   240 ||   497
